 Dungeon Crawl Stone Soup version 0.27.1-34-g3ba077fa99 (webtiles) character file.

Game seed: 1884206511594264352

21621 KamiKatze the Cleaver (level 13, 0/103 HPs)
             Began as a Formicid Fighter on Jan 12, 2022.
             Was a High Priest of Okawaru.
             Slain by an orc knight (19 damage)
             ... on level 2 of the Orcish Mines on Jan 13, 2022.
             The game lasted 01:04:33 (16183 turns).

KamiKatze the Cleaver (Formicid Fighter)           Turns: 16183, Time: 01:04:34

Health: 0/103      AC: 14    Str: 26    XL:     13   Next: 21%
Magic:  0/19       EV: 10    Int:  8    God:    Okawaru [*****.]
Gold:   1163       SH: 12    Dex: 10    Spells: 12/12 levels left

rFire    . . .     SeeInvis +   b - +1 battleaxe
rCold    + . .     Faith    .   c - +0 kite shield
rNeg     . . .     Spirit   +   i - +0 chain mail
rPois    .         Reflect  .   (helmet unavailable)
rElec    .         Harm     .   G - +1 cloak
rCorr    .         Rampage  .   (no gloves)
Will     +....                  (no boots)
Stlth    ..........             F - amulet of guardian spirit
HPRegen  0.27/turn              C - ring of ice
MPRegen  0.16/turn              n - ring of protection from fire

@: mighty, unable to read
A: permanent stasis, dig shafts and tunnels, antennae 3, four strong arms,
inability to read while threatened
a: Dig, Shaft Self, Renounce Religion, Heroism, Finesse


You were on level 2 of the Orcish Mines.
You worshipped Okawaru.
Okawaru was extremely pleased with you.
You visited 4 branches of the dungeon, and saw 15 of its levels.

You collected 1163 gold pieces.

Inventory:

Hand Weapons
 a - a +0 war axe
 b - a +1 battleaxe (weapon)
 m - a +1 great mace
 w - a +0 morningstar
 S - the +4 executioner's axe "Goblinbane" {vorpal, Will+}
   (Okawaru gifted it to you on level 10 of the Dungeon)

   It inflicts extra damage upon your enemies.
   Will:      It increases your willpower.
Missiles
 x - 87 stones
 A - 9 curare-tipped darts
 B - 33 poisoned darts (quivered)
Armour
 c - a +0 kite shield (worn)
 i - a +0 chain mail (worn)
 G - a +1 cloak (worn)
 L - a +0 scale mail
 N - a +0 plate armour
Magical Staves
 M - a staff of fire
Jewellery
 k - a +4 ring of protection
 n - a ring of protection from fire (right hand)
 C - a ring of ice (left hand)
 F - an amulet of guardian spirit (around neck)
 J - a ring of positive energy
 K - a ring of fire
 U - a ring of willpower
Wands
 d - a wand of mindburst (12)
 s - a wand of paralysis (8)
 H - a wand of flame (43)
 P - a wand of iceblast (25)
 Q - a wand of digging (4)
 R - a wand of polymorph (9)
 X - a wand of acid (12)
Scrolls
 e - 2 scrolls of acquirement {unknown}
 g - 6 scrolls of enchant weapon
 h - a scroll of immolation
 o - a scroll of summoning {unknown}
 q - a scroll of magic mapping
 t - a scroll of enchant armour
 v - a scroll of holy word {unknown}
 z - 2 scrolls of noise {unknown}
 E - 2 scrolls of fog
 I - 2 scrolls of amnesia
 W - 2 scrolls of brand weapon {unknown}
Potions
 f - 2 potions of curing
 l - 3 potions of brilliance
 p - 5 potions of lignification
 r - a potion of invisibility
 u - 2 potions of flight
 y - a potion of might
 D - a potion of cancellation
 Y - a potion of attraction
Miscellaneous
 j - a phial of floods


   Skills:
 + Level 10.2 Fighting
 * Level 12.2 Axes
 + Level 10.1 Armour
 + Level 5.8 Dodging
 - Level 9.0 Shields
 + Level 8.6 Invocations
 - Level 3.0 Evocations


You had 12 spell levels left.
You didn't know any spells.
Your spell library contained the following spells:

 Spells                   Type           Power      Damage    Failure   Level
 Animate Skeleton         Necr           0%         N/A       90%         1
 Apportation              Tloc           0%         N/A       90%         1
 Corona                   Hex            0%         N/A       90%         1
 Summon Small Mammal      Summ           0%         N/A       90%         1
 Conjure Flame            Conj/Fire      0%         6-21      99%         3
 Ignite Poison            Fire/Tmut/Pois 0%         N/A       99%         3
 Sticky Flame             Conj/Fire      0%         2d3       100%        4
 Alistair's Intoxication  Tmut/Pois      0%         N/A       100%        5
 Blade Hands              Tmut           0%         N/A       100%        5
 Irradiate                Conj/Tmut      0%         3d14      100%        5
 Invisibility             Hex            0%         N/A       100%        6
 Dragon Form              Tmut           0%         N/A       100%        7


Dungeon Overview and Level Annotations

Branches:
Dungeon (11/15)            Temple (1/1) D:5            Lair (1/6) D:10
    Orc (2/2) D:11            Elf (0/3) Orc:2

Altars:
Ashenzari
Cheibriados
Dithmenos
Elyvilon
Fedhas
Gozag
Hepliaklqana
Kikubaaqudgha
Makhleb
Nemelex Xobeh
Okawaru
Qazlal
Ru
Sif Muna
Trog
Uskayaw
Vehumet
Wu Jian
Xom
Yredelemnul
Zin
The Shining One

Shops:
D:6 [(:(

Annotations:
D:4 2 runed translucent doors, exclusion: 2 doors, spimroxx's ghost, amateur HOFi


Innate Abilities, Weirdness & Mutations

You cannot be hasted, slowed, berserked, paralysed or teleported.
You can dig through walls and to a lower floor.
You have a pair of large antennae on your head. (SInv)
Your four strong arms can wield two-handed weapons with a shield.
You sometimes lose the ability to read scrolls when taking damage.


Message History

* * * LOW HITPOINT WARNING * * *
Unknown command.
You feel much better.
The smoke demon hits you but does no damage. x2
You block the smoke demon's attack.
The orc high priest mumbles some strange prayers to Beogh.
You block the chaos spawn's attack. You block the orc knight's attack.
Okay, then.
Unknown command.
You feel very mighty all of a sudden.
The chaos spawn degenerates into a cloud of primal chaos!
The smoke demon gestures at you. The ball of steam misses you.
The orc high priest hits you with a +0 short sword.
* * * LOW HITPOINT WARNING * * *
You block the orc knight's attack. You block the orange demon's attack.
The orange demon closely misses you.
Unknown command.
You slash the orc high priest!
You kill the orc high priest!
Okawaru accepts your kill.
The smoke demon disappears in a puff of smoke!
The orange demon disappears in a puff of smoke! x2
You slice the orc knight!!
You are engulfed in a cloud of scalding steam.
* * * LOW HITPOINT WARNING * * *
The orc knight hits you with a +0 great sword!
* * * LOW HITPOINT WARNING * * *
Unknown command.
You are engulfed in a cloud of scalding steam.
The orc knight is engulfed in a cloud of scalding steam.
You feel better. You block the orc knight's attack.
Unknown command.
You hit the orc knight.
The orc knight is heavily wounded.
The orc knight hits you but does no damage.
You hit the orc knight.
The orc knight is heavily wounded.
The orc knight hits you with a +0 great sword!!
You die...

##.##......#...........##....#..#
#####..#.###..........#..........
..##...####.#....................
...##...##.......................
.........#.......................
........#.................<[.....
.........................)[[....#
..##.............................
...##...........@o...............
..####..#......#.............)...
...# ###......###..........##....
..## ##..##.#.#.........###.§.§.
.## #...#.............##.......
## ##.###...........##........
##.##..##......##.....####
#......#.......#...o### #.
##..#....#......#..o## ##


You could see an orc knight.

Vanquished Creatures
  A boulder beetle (D:11)
  3 two-headed ogres
  An orc high priest (Orc:2)
  An orc knight (Orc:2)
  A manticore (D:11)
  3 orc sorcerers
  3 centaur zombies (D:11)
  A gargoyle (D:8)
  An unseen horror (D:10)
  2 kobold demonologists (D:11)
  Maggie (D:9)
  A freezing wraith (D:11)
  7 trolls
  Grinder (D:5)
  6 blink frogs (D:10)
  A wraith (D:11)
  20 yaks
  A shadow (D:9)
  Grum (D:9)
  5 wyverns
  A basilisk (D:10)
  Sigmund (D:2)
  An acid dragon (D:11)
  11 orc warriors
  9 water moccasins
  A sky beast (D:3)
  5 ice beasts
  3 ogres
  A centaur (D:7)
  2 wolves (D:8)
  A phantom (D:5)
  2 kobold brigands
  5 bullfrogs
  Blork the orc (D:5)
  3 scorpions
  2 wyvern zombies
  A water moccasin skeleton (D:5)
  12 killer bees
  3 wights (D:7)
  3 howler monkeys (D:8)
  A crimson imp (D:6)
  A jelly (D:6)
  Crazy Yiuf (D:5)
  3 hounds
  2 bullfrog skeletons
  4 bullfrog zombies
  5 orc priests
  A gnoll shaman (D:7)
  3 centaur skeletons
  9 iguanas
  13 orc wizards
  A killer bee zombie (D:7)
  2 howler monkey zombies
  Robin (D:4)
  A howler monkey skeleton (D:7)
  12 gnolls
  4 adders
  A shadow imp (D:8)
  13 white imps
  An adder zombie (D:2)
  3 dart slugs
  40 orcs
  7 endoplasms
  14 giant cockroaches
  12 goblins
  11 hobgoblins
  6 jackals
  14 kobolds
  5 quokkas
  4 ball pythons
  A ball python zombie (D:2)
  A bat (D:3)
  3 frilled lizards
  A goblin skeleton (D:6)
  3 goblin zombies (D:6)
  2 hobgoblin zombies (D:6)
  A kobold skeleton (D:6)
  3 kobold zombies (D:6)
  2 orc skeletons (D:6)
  5 rats
346 creatures vanquished.

Vanquished Creatures (others)
  Erica (D:9)
  An orc (D:8)
  A fungus (D:10)
  11 plants (D:10)
  A withered plant (D:2)
15 creatures vanquished.

Grand Total: 361 creatures vanquished

Notes
Turn   | Place    | Note
-------+----------+-------------------------------------------
     0 | D:1      | KamiKatze the Formicid Fighter began the quest for the Orb.
     0 | D:1      | Reached XP level 1. HP: 18/18 MP: 1/1
    76 | D:1      | Found a faded altar of an unknown god.
   194 | D:1      | Reached XP level 2. HP: 21/24 MP: 2/2
   374 | D:1      | Reached XP level 3. HP: 15/29 MP: 3/3
   968 | D:2      | Noticed Sigmund
   982 | D:2      | Killed Sigmund
   983 | D:2      | Reached skill level 3 in Axes
   983 | D:2      | Reached skill level 5 in Shields
   983 | D:2      | Reached XP level 4. HP: 18/37 MP: 4/4
   983 | D:2      | Reached XP level 5. HP: 20/42 MP: 5/5
  1143 | D:2      | Reached XP level 6. HP: 48/48 MP: 6/6
  1824 | D:3      | Noticed a sky beast
  1851 | D:3      | Killed a sky beast
  1852 | D:3      | Reached skill level 4 in Axes
  2149 | D:3      | Found an opulent altar of Gozag.
  2204 | D:3      | Reached XP level 7. HP: 25/55 MP: 7/7
  2677 | D:4      | Noticed Robin
  2709 | D:4      | Killed Robin
  2836 | D:4      | Found a runed translucent door.
  2841 | D:4      | Noticed spimroxx's ghost (amateur HOFi)
  3292 | D:4      | Found a runed translucent door.
  3486 | D:5      | Entered Level 5 of the Dungeon
  3531 | D:5      | Reached skill level 5 in Axes
  3567 | D:5      | Found a staircase to the Ecumenical Temple.
  3576 | Temple   | Entered the Ecumenical Temple
  3834 | D:5      | Reached XP level 8. HP: 58/61 MP: 8/8
  3848 | D:5      | Noticed Grinder
  3855 | D:5      | Reached skill level 5 in Armour
  4013 | D:5      | Killed Grinder
  4014 | D:5      | Reached skill level 5 in Fighting
  4634 | D:5      | Reached skill level 6 in Axes
  4688 | D:5      | Found an iron altar of Okawaru.
  4689 | D:5      | Found an ancient bone altar of Kikubaaqudgha.
  4707 | D:5      | Became a worshipper of Warmaster Okawaru
  4818 | D:5      | Found a runed translucent door.
  4819 | D:5      | Noticed Crazy Yiuf
  4948 | D:5      | Noticed Blork the orc
  4959 | D:5      | Killed Blork the orc
  4960 | D:5      | Reached XP level 9. HP: 42/68 MP: 9/9
  5377 | D:5      | Killed Crazy Yiuf
  5441 | D:6      | Found a white marble altar of Elyvilon.
  5527 | D:6      | Found Yliefa's Weapon Shoppe.
  5544 | D:6      | Found Ipreni's Armour Shoppe.
  5684 | D:6      | Reached skill level 7 in Axes
  5819 | D:6      | Reached * piety under Okawaru
  6024 | D:6      | Found Vano's Antique Weapon Shoppe.
  6057 | D:6      | Found a glowing golden altar of the Shining One.
  6123 | D:6      | Found Ewieno's Book Shoppe.
  6213 | D:6      | Reached skill level 1 in Invocations
  6807 | D:7      | Reached XP level 10. HP: 64/77 MP: 11/11
  6815 | D:7      | Reached skill level 8 in Axes
  7167 | D:7      | Reached ** piety under Okawaru
  7458 | D:7      | Found an ornate altar of the Wu Jian Council.
  7824 | D:8      | Reached skill level 9 in Axes
  8062 | D:8      | Reached *** piety under Okawaru
  8063 | D:8      | Noticed a gargoyle
  8087 | D:8      | Killed a gargoyle
  8871 | D:8      | Reached skill level 5 in Invocations
  8939 | D:9      | Noticed Maggie
  9010 | D:9      | Reached XP level 11. HP: 52/86 MP: 8/14
  9245 | D:9      | Killed Maggie
  9407 | D:9      | Noticed Erica
  9436 | D:9      | Killed Erica
  9437 | D:9      | Reached skill level 10 in Axes
  9914 | D:9      | Found a shadowy altar of Dithmenos.
 10042 | D:9      | Reached skill level 1 in Dodging
 10155 | D:9      | Noticed Grum
 10236 | D:8      | Reached **** piety under Okawaru
 10536 | D:9      | Killed Grum
 10660 | D:9      | Found a shimmering altar of Xom.
 10660 | D:9      | Found a shimmering altar of Xom.
 10661 | D:9      | Found a shimmering altar of Xom.
 10661 | D:9      | Found a shimmering altar of Xom.
 10661 | D:9      | Found a shimmering altar of Xom.
 10798 | D:10     | Entered Level 10 of the Dungeon
 11154 | D:10     | Identified the +1 robe of Fytapn {Rampage +Blink}
 11814 | D:10     | Noticed a two-headed ogre
 11847 | D:10     | Killed a two-headed ogre
 11847 | D:10     | Reached ***** piety under Okawaru
 11847 | D:10     | Identified the +4 executioner's axe "Goblinbane" {vorpal,
                  | Will+} (Okawaru gifted it to you on level 10 of the
                  | Dungeon)
 11847 | D:10     | Received a gift from Okawaru
 11848 | D:10     | Reached skill level 11 in Axes
 11848 | D:10     | Reached XP level 12. HP: 74/95 MP: 11/17
 12134 | D:10     | Found a staircase to the Lair.
 12650 | D:11     | Identified the +1 ring mail "Mewyad" {Regen+ rCorr Dex-3
                  | Stlth-}
 12687 | D:11     | Noticed a two-headed ogre
 12719 | D:11     | Killed a two-headed ogre
 12720 | D:11     | Reached skill level 1 in Evocations
 13098 | D:11     | Gained mutation: You do not regenerate when monsters are
                  | visible. [a neqoxec]
 13140 | D:11     | Lost mutation: You do not regenerate when monsters are
                  | visible. [potion of mutation]
 13140 | D:11     | Gained mutation: You sometimes lose the ability to read
                  | scrolls when taking damage. [potion of mutation]
 13197 | D:11     | Noticed a two-headed ogre
 13508 | D:11     | Noticed a boulder beetle
 13576 | Lair:1   | Entered Level 1 of the Lair of Beasts
 13881 | Lair:1   | Noticed a seven-headed hydra
 13881 | Lair:1   | Noticed a six-headed hydra
 13915 | D:10     | Reached skill level 5 in Dodging
 14146 | D:11     | Found a staircase to the Orcish Mines.
 14307 | D:11     | Identified the +1 ring mail of the Invisible Hand {rN+}
                  | (Okawaru gifted it to you on level 11 of the Dungeon)
 14307 | D:11     | Received a gift from Okawaru
 14447 | D:11     | Killed a two-headed ogre
 14567 | D:11     | Killed a boulder beetle
 14789 | Orc:1    | Entered Level 1 of the Orcish Mines
 14829 | Orc:1    | Noticed a sixfirhy
 15101 | Orc:1    | Noticed a sixfirhy
 15252 | D:11     | Reached XP level 13. HP: 83/103 MP: 15/19
 15366 | Orc:2    | Entered Level 2 of the Orcish Mines
 15384 | Orc:1    | Reached skill level 12 in Axes
 15556 | Orc:1    | Reached skill level 10 in Fighting
 15689 | Orc:2    | Reached skill level 10 in Armour
 15739 | Orc:2    | Found a staircase to the Elven Halls.
 16165 | Orc:2    | HP: 1/103 [orc knight (5)]
 16183 | Orc:2    | Slain by an orc knight

Illustrated notes

Levels and vault maps discovered:
D:1:      minmay_arrival_split_and_join, layout_loops_ring,
          hellmonk_ecumenical_altar_leap_of_faith, serial_park_tiny_1
D:2:      layout_loops_ring, serial_undead, serial_undead_b, serial_undead_f,
          serial_undead_b, serial_undead_c, uniq_sigmund
D:3:      minmay_roachtagon, layout_rooms, mainiacjoe_overflow_six_doors_small
D:4:      layout_layer_cave, ebering_ghost_sewer_f, uniq_robin
D:5:      layout_gridville, gammafunk_temple_overflow_pools,
          minmay_temple_entry_offerings, uniq_grinder, uniq_crazy_yiuf_cottage,
          uniq_blork_the_orc
D:6:      layout_basic, nicolae_tso_besieged_by_evil,
          mainiacjoe_overflow_cross_hatched, serial_shops, nicolae_shop_trees,
          nicolae_lakefront_shop, nicolae_shop_window_shopping,
          nicolae_shop_crystal
D:7:      minmay_spotlight, layout_rooms, nzn_wu_jian_contemplation,
          kennysheep_generic_room_6
D:8:      layout_basic, st_stairs_7
D:9:      layout_rooms, grunt_dithmenos_shadows, xom_redecorated,
          chequers_jeans, uniq_maggie, uniq_erica, uniq_grum
D:10:     layout_cross, minmay_lair_entry_grove, serial_glass, glass_columns_a,
          glass_columns_a, glass_columns_b, glass_columns_a, glass_columns_b,
          glass_columns_a
D:11:     layout_roguey, david_orc_2, dk_noncrumbling_4, grunt_potential
Temple:   minmay_temple_curvy_branch
Lair:1:   layout_gridlike, special_room, chequers_serial_rivers_small_a
Orc:1:    layout_caves, portal_ice_cave_entry_imps
Orc:2:    grunt_orc_tribal_feast, layout_caves, ebering_ghost_xom,
          nicolae_orc_tapped_out

Skill      XL: |  1  2  3  4  5  6  7  8  9 10 11 12 13 |
---------------+----------------------------------------+-----
Shields        | 4 5 6 8 9 |  9.0
Fighting       | 4 5 6 8 9 10 | 10.2
Axes           | 3 4 5 6 7 9 11 12 | 12.2
Armour         | 4 5 6 8 9 10 | 10.1
Invocations    | 2 5 6 8 |  8.6
Dodging        | 3 5 |  5.8
Evocations     | 3 |  3.0

Action                   |  1- 3 |  4- 6 |  7- 9 | 10-12 | 13-15 || total
-------------------------+-------+-------+-------+-------+-------++-------
Melee: War axe           |    83 |   138 |   364 |   892 |    20 ||  1497
       Battleaxe         |       |       |       |    37 |    46 ||    83
       Executioner's axe |       |       |       |       |    16 ||    16
Throw: Dart              |       |       |       |    16 |       ||    16
Invok: Heroism           |       |       |       |     8 |     1 ||     9
       Finesse           |       |       |       |     2 |     1 ||     3
 Abil: Dig               |       |     2 |     7 |     2 |       ||    11
Evoke: Wand              |       |       |       |     4 |       ||     4
  Use: Potion            |     1 |       |       |     5 |     4 ||    10
       Scroll            |       |       |     6 |    12 |       ||    18
Armor: Scale mail        |    34 |    59 |   135 |   275 |       ||   503
       Chain mail        |       |       |       |    14 |    31 ||    45
Dodge: Dodged            |    46 |    46 |   145 |   372 |    35 ||   644
Block: Kite shield       |    54 |    92 |   231 |   555 |    67 ||   999
